 Dungeon Crawl Stone Soup version 0.28-a0-1506-g3893175d92 (webtiles) character file.

Game seed: 12145536666686253255

10 knot the Chopper (level 2, 24/24 HPs)
             Began as a Demonspawn Berserker on Jan 14, 2022.
             Was a Follower of Trog.
             Quit the game on level 1 of the Dungeon.
             The game lasted 00:00:28 (359 turns).

knot the Chopper (Demonspawn Berserker)              Turns: 359, Time: 00:00:29

Health: 24/24      AC:  2    Str: 17    XL:     2   Next: 10%
Magic:  2/2        EV: 12    Int:  8    God:    Trog [*.....]
Gold:   52         SH:  0    Dex: 12    Spells: 1/1 levels left

rFire   . . .      SeeInvis .   a - +0 hand axe
rCold   . . .      Faith    .   (no shield)
rNeg    . . .      Spirit   .   b - +0 animal skin
rPois   .          Reflect  .   (no helmet)
rElec   .          Harm     .   (no cloak)
rCorr   .          Rampage  .   (no gloves)
Will    .....                   (no boots)
Stlth   +.........              (no amulet)
HPRegen 0.08/turn               (no ring)
MPRegen 0.08/turn               (no ring)

@: no status effects
A: demonic touch 1
a: Renounce Religion, Berserk


You were on level 1 of the Dungeon.
You worshipped Trog.
Trog was aware of your devotion.
You visited 1 branch of the dungeon, and saw 1 of its levels.

You collected 52 gold pieces.

Inventory:

Hand Weapons
 a - a +0 hand axe (weapon)
Missiles
 e - 3 poisoned darts (quivered)
Armour
 b - a +0 animal skin (worn)
Scrolls
 c - a scroll of teleportation {unknown}
 f - a scroll of identify {unknown}
Potions
 d - a potion of attraction {unknown}


   Skills:
 - Level 3.0 Fighting
 * Level 3.2 Axes
 * Level 0.3 Throwing
 - Level 1.7 Armour
 - Level 1.7 Dodging


You had one spell level left.
You didn't know any spells.
Your spell library was empty.

Dungeon Overview and Level Annotations

Branches:
Dungeon (1/15)

Altars:

Shops:
D:1 *


Innate Abilities, Weirdness & Mutations

Your touch may inflict minor irresistible damage on your foes.


Message History

The rat misses you.
You barely miss the rat. The rat bites you but does no damage.
You barely miss the rat. The rat bites you but does no damage.
You completely miss the rat. The rat completely misses you.
You barely miss the rat. The rat barely misses you.
You hit the rat.
You kill the rat!
Trog accepts your kill.
No target in view!
Things that are here:
a +0 club; a goblin corpse A goblin comes into view.
It is wielding a +1 antimagic dagger.
The goblin shouts!
Throw: 3 darts (poison)
Press: ? - help, Q - select action Shift-Dir - straight line, f - goblin
Aim: a goblin, wielding a +1 antimagic dagger (50% to hit)
You throw a poisoned dart.
The poisoned dart closely misses the goblin.
The goblin barely misses you.
You slash the goblin!
You kill the goblin!
Trog accepts your kill.
No target in view!
No target in view!
Things that are here:
a +1 antimagic dagger; a goblin corpse
e - 3 poisoned darts (gained 1)
You now have 52 gold pieces (gained 8).
A dart slug comes into view.
A dart slug is nearby!
You hit the dart slug.
The dart slug is heavily wounded.
The dart slug misses you.
You slash the dart slug!
You kill the dart slug!
Trog accepts your kill.
You have reached level 2!
Your demonic ancestry asserts itself...
Your hands begin to faintly glow with unholy energy.
Are you sure you want to abandon this character and quit the game? (Confirm with "yes".)

############### .
#.............# ..
#......####...# #.
#.####.##...... #.. #.#
#.........
.#...#####.#######......
........##..........)..#
.......@..........##...#
........##.######.######
.....#####.# ###.###
.... #.# #.....# # ...
#.# #.....# # .. #.#
#.....# . #.. #...†)#
##.##### ##. #.....####
#..#8.8## #...#.....


There were no monsters in sight!

Vanquished Creatures
  A dart slug (D:1)
  An endoplasm (D:1)
  2 goblins (D:1)
  A quokka (D:1)
  A bat (D:1)
  A frilled lizard (D:1)
  A rat (D:1)
8 creatures vanquished.

Notes
Turn   | Place    | Note
-------+----------+-------------------------------------------
     0 | D:1      | knot the Demonspawn Berserker began the quest for the Orb.
     0 | D:1      | Reached XP level 1. HP: 18/18 MP: 1/1
   202 | D:1      | Found Vyliesmo's Assorted Antiques.
   359 | D:1      | Gained mutation: Your touch may inflict minor irresistible
                  | damage on your foes. [demonic ancestry]
   359 | D:1      | Reached XP level 2. HP: 24/24 MP: 2/2
   359 | D:1      | Quit the game

Illustrated notes

Levels and vault maps discovered:
D:1:      mrwooster_arrival_statue_2, layout_loops_ring,
          dreamdust_ecumenical_altar_grove, serial_shops,
          nicolae_shop_overgrown_old_shop

Skill      XL: |  1 |
---------------+----+-----
Axes           | 3 |  3.2
Fighting       | |  3.0
Throwing       | |  0.3
Armour         | |  1.7
Dodging        | |  1.7

Action                   || total
-------------------------++-------
Melee: Hand axe          ||    28
Throw: Dart              ||     1
Armor: Animal skin       ||     6
Dodge: Dodged            ||    18

Table legend: (Time is in decaauts)
 A = Elapsed time spent in this place.
 B = Non-inter-level travel time spent in this place.
 C = Inter-level travel time spent in this place.
 D = Time resting spent in this place.
 E = Time spent auto-exploring this place.
 F = Levels seen in this place.
 G = Mean time per level.
                   A        B        C        D        E       F      G
               +--------+--------+--------+--------+--------+-----+--------+
         Total |    363 |    363 |      0 |      0 |    304 |   1 |  363.0 |
       Dungeon |    363 |    363 |      0 |      0 |    304 |   1 |  363.0 |
               +--------+--------+--------+--------+--------+-----+--------+

Top non-repeatable levels by time:
     D:1: 363 daAuts
